[Event "FIDE WY-U16 Olympiad 2022"]
[Site "Nakhchivan"]
[Date "2022.10.02"]
[Round "1.28"]
[White "Meise, Keagen"]
[Black "Alagoz, Zumra Meryem"]
[Result "1-0"]
[ECO "E77"]
[WhiteElo "1362"]
[BlackElo "1830"]
[Annotator "NA RC COMBH"]
[PlyCount "141"]
[EventDate "2022.10.02"]
[EventType "team-tourn"]
[EventCountry "AZE"]
[SourceTitle "playchess.com"]
[Source "ChessBase"]
[SourceQuality "1"]
[WhiteTeam "South Africa"]
[BlackTeam "Turkey"]
[WhiteTeamCountry "RSA"]
[BlackTeamCountry "TUR"]
[TimeControl "40/5400+30:1800+30"]

1. d4 Nf6 2. c4 g6 3. Nc3 Bg7 4. e4 d6 5. f4 O-O 6. Nf3 c5 7. d5 e6 8. Bd3 exd5 9. cxd5 Re8 10. O-O Bg4 11. h3 Bxf3 12. Qxf3 a6 13. a4 Nbd7 14. Be3 Rc8 15. Rab1 Qa5 16. Bf2 c4 17. Bc2 b5 18. axb5 axb5 19. Ra1 Qb4 20. Rfb1 Ra8 21. Rxa8 Rxa8 22. Bd4 Ne8 23. Qe3 Bxd4 24. Qxd4 f6 25. Kh2 Rc8 26. b3 Nc7 27. bxc4 Qxc4 28. Qxc4 bxc4 29. Rb7 Kf8 30. Bd1 Ke7 31. Be2 Na8 32. Bg4 Rc7 33. Rxc7 Nxc7 34. Bxd7 Kxd7 35. Kg3 Na6 36. Kf3 Nc5 37. Ke3 Nb3 38. Nb5 g5 39. g3 h5 40. h4 gxh4 41. gxh4 Nc1 42. Kd2 Nd3 43. Ke3 Ne1 44. Kf2 Nc2 45. Ke2 Nb4 46. Ke3 Nd3 47. Na3 Ne1 48. Nxc4 Ke7 49. Kf2 Nd3+ 50. Kg3 Nc5 51. Kf3 Nd3 52. Na5 Ne1+ 53. Kg3 Nd3 54. Nc6+ Kf7 55. Nd4 Nc5 56. Kf3 Nb7 57. Nf5 Kg6 58. Ke3 Kh7 59. Kd4 Kg6 60. Kc4 Na5+ 61. Kb4 Nb7 62. Kb5 Nc5 63. Nxd6 Nd3 64. f5+ Kg7 65. Nc4 Kf7 66. Kc6 Ke8 67. Kc7 Nc5 68. d6 Na6+ 69. Kc8 Nc5 70. Nb6 Kf7 71. d7 1-0

[Event "FIDE WY-U16 Olympiad 2022"]
[Site "Nakhchivan"]
[Date "2022.10.02"]
[Round "1.29"]
[White "Manon, Reja Neer"]
[Black "Levitan, Judah Nathan"]
[Result "1-0"]
[ECO "B41"]
[WhiteElo "2107"]
[BlackElo "1725"]
[Annotator "TA"]
[PlyCount "99"]
[EventDate "2022.10.02"]
[EventType "team-tourn"]
[EventCountry "AZE"]
[SourceTitle "playchess.com"]
[Source "ChessBase"]
[SourceQuality "1"]
[WhiteTeam "Bangladesh"]
[BlackTeam "South Africa"]
[WhiteTeamCountry "BAN"]
[BlackTeamCountry "RSA"]
[TimeControl "40/5400+30:1800+30"]

1. e4 c5 2. Nf3 e6 3. d4 cxd4 4. Nxd4 a6 5. c4 Nf6 6. Nc3 Qc7 7. Be2 Bb4 8. Nc2 Bxc3+ {[%emt 0:09:11] outshines the older 8...Be7. B41: Sicilian: Kan Variation: 5 c4.} 9. bxc3 Qe5 10. O-O {[%emt 0:07:52] [#]} O-O $146 {[%emt 0:02:06] White is better.} ({Predecessor:} 10... Nxe4 11. Bf3 O-O 12. Ba3 Re8 13. Re1 d5 14. cxd5 exd5 15. c4 f5 16. cxd5 Nd7 {½-½ (31) Anata,C (2159)-Alekhya,M (1810) Dhaka 2019}) 11. Ba3 Re8 12. Bd6 Qxe4 13. Re1 Qc6 ({Better is} 13... Qh4) 14. Bf3 {[%emt 0:10:11][%mdl 1024] White has strong compensation. A strong pair of Bishops.} Qb6 15. c5 Qd8 16. Na3 Nc6 17. Nc4 h6 18. Nb6 Ra7 19. Qd2 Nh7 20. g3 Ng5 21. Bg2 $36 {[%emt 0:00:18][%mdl 2048] White is on the roll.} f6 22. Rad1 Nf7 23. Qb2 Nxd6 24. cxd6 ({Don't play} 24. Rxd6 $6 Qc7 $16) 24... a5 {[%emt 0:05:00] [#]} 25. a4 $1 Ra6 26. Rb1 Ra7 (26... Kh8 $142 27. f4 e5) 27. f4 $18 f5 28. Qf2 Ra6 29. Bf1 Ra7 {[%emt 0:00:10] [#]} (29... Rxb6 30. Rxb6 (30. Qxb6 Qf6 $18) 30... Qf6) 30. Bb5 Ra6 31. Bxa6 bxa6 32. Nc4 Qf6 33. Ne5 Nxe5 (33... g5 $142 34. Nxc6 dxc6 35. fxg5 hxg5) 34. Rxe5 g5 35. Rb8 Kf7 36. Rc5 e5 37. fxe5 Rxe5 38. Rbxc8 Qxd6 39. Rxe5 Qxe5 40. Rc5 d5 41. c4 Qe4 42. Rxd5 {[%emt 0:00:57] White mates.} f4 43. Rd4 Qb1+ 44. Kg2 Qb7+ 45. Rd5 Qe7 46. gxf4 Qe4+ 47. Qf3 Qc2+ 48. Kg3 g4 49. Qd3 Qc1 50. Qf5+ {Weighted Error Value: White=0.04 (flawless) /Black=0.47} 1-0

[Event "FIDE WY-U16 Olympiad 2022"]
[Site "Nakhchivan"]
[Date "2022.10.02"]
[Round "1.30"]
[White "Nwedo, Khodani"]
[Black "Sakline Mostafa, Sajid"]
[Result "0-1"]
[ECO "E71"]
[WhiteElo "1356"]
[BlackElo "2001"]
[Annotator "TA"]
[PlyCount "118"]
[EventDate "2022.10.02"]
[EventType "team-tourn"]
[EventCountry "AZE"]
[SourceTitle "playchess.com"]
[Source "ChessBase"]
[SourceQuality "1"]
[WhiteTeam "South Africa"]
[BlackTeam "Bangladesh"]
[WhiteTeamCountry "RSA"]
[BlackTeamCountry "BAN"]
[TimeControl "40/5400+30:1800+30"]

1. d4 Nf6 2. c4 g6 3. Nc3 Bg7 4. e4 d6 5. h3 O-O 6. Be3 e5 7. d5 Nbd7 8. g4 {[%emt 0:00:45] outshines the older 8.Nf3. E71: King's Indian: 4 e4 d6 5 h3.} Nc5 9. Qc2 a5 (9... c6 $11) 10. Nge2 {[%emt 0:00:33] White is better.} Ne8 11. Ng3 Bf6 12. Qd2 Bh4 13. Rg1 Ng7 {[%emt 0:04:55] [#]} 14. Bh6 $146 ({Predecessor:} 14. Be2 Bd7 15. Bh6 Re8 16. Nf5 Nxf5 17. gxf5 Kh8 18. fxg6 fxg6 19. Bg4 Qf6 20. Be3 {1-0 (69) Xie,F (2166)-Milligan,H (1956) Christchurch 2022}) 14... f6 15. Be2 Bg5 16. Bxg5 fxg5 17. f3 Qf6 18. Kf2 Bd7 19. Kg2 Kf7 20. b3 Ke7 21. Rab1 b6 22. Qe3 Rg8 23. Bd1 Qf4 24. Qxf4 (24. Qe2 $14) 24... exf4 25. Nge2 Nd3 $1 26. Bc2 Ne5 27. Nd4 ({Better is} 27. Nc1 $11) 27... Ne8 $15 28. Kf2 Nf6 29. Rg2 h5 30. Rbg1 hxg4 31. hxg4 Rh8 32. Ndb5 $2 ({White should play} 32. Ncb5 $15) 32... Rh3 33. Bd1 Rah8 34. Be2 R8h4 35. a3 $2 (35. Rf1 {is the only way for White.}) 35... Bxb5 $19 36. Nxb5 {[%emt 0:00:26] [#]} Kd8 $2 (36... Nxe4+ $1 $19 37. fxe4 f3) 37. Nd4 $15 Kd7 38. b4 (38. Rd1 $142) 38... Rh8 {[%emt 0:03:27][%cal Of6e4] Black is much more active.} 39. bxa5 bxa5 40. Rb1 $2 {[%emt 0:01:08] [#]} (40. Rc1 $17 {was called for.}) 40... Rh1 $2 (40... Nexg4+ $1 $19 41. fxg4 Nxe4+ 42. Ke1 Rxa3) 41. Rb7 $2 {[%emt 0:30:48][%mdl 8192] [#]} (41. Rxh1 $11 Rxh1 42. Rg1) 41... Ra1 $2 (41... Nexg4+ $1 42. Rxg4 Nxg4+ 43. fxg4 R8h2+ 44. Kf3 Rg1 45. Rxc7+ Kxc7 46. Ne6+ Kd7 47. Nxg5 Re1) 42. Nb5 $2 {[%emt 0:00:16] [#]} (42. Ne6 Ne8 43. c5 (43. Nxg5 $2 Ng7 $19)) 42... Ne8 $2 {[%emt 0:00:37] Pair of Knights!} (42... Nexg4+ $1 43. fxg4 Nxe4+ 44. Kf3 Nd2+ 45. Kf2 Rh3 46. Rxc7+ Kd8 47. Nxd6 Kxc7) 43. Ra7 $2 (43. Nd4) 43... Rhh1 $19 {[%emt 0:00:00] Strongly threatening ...Ra2.} 44. Rxa5 $2 (44. Nd4 Ra2 45. Rg1 Rh2+ 46. Rg2) 44... Ra2 45. Rg1 Rxg1 {[%emt 0:00:00][%mdl 64] Deflection} 46. Kxg1 Rxe2 47. Kf1 Rd2 {[%emt 0:00:00] ...Nf6 is the strong threat.} 48. Ra8 Nxf3 49. Na7 Ne5 ({Not} 49... Nf6 50. Nc6 Nxd5 51. exd5 Nh2+ 52. Kg1 Nf3+ 53. Kf1 Nh2+ 54. Kg1 Nf3+ 55. Kf1 $11) 50. Nc6 Nxc6 51. dxc6+ {[%emt 0:00:00][%mdl 4096] Endgame KRN-KR} Ke7 {[%emt 0:00:00] And now ...Nf6 would win.} 52. a4 Rd4 53. a5 Rxc4 54. a6 Rxc6 55. a7 Ra6 56. Ke2 Nf6 {[%emt 0:00:00][%csl LRe4,LRg4] ( -> ...Ra2+)} 57. Kf3 Ra3+ 58. Ke2 Nxg4 (58... f3+ $142 59. Kd2 f2 60. Ke2 Ra2+ 61. Kf1 Nxg4 62. Re8+ Kxe8 63. Kg2 Ne3+ 64. Kf3 f1=Q+ 65. Kxe3 Qf2+ 66. Kd3 Ra3+ 67. Kc4 Qc5#) 59. Kf1 f3 {[%emt 0:00:00] Weighted Error Value: White=1.06/Black=0.55} 0-1

[Event "FIDE WY-U16 Olympiad 2022"]
[Site "Nakhchivan"]
[Date "2022.10.02"]
[Round "1.31"]
[White "Sajidul, Haque"]
[Black "Boshoma, Chisomo"]
[Result "1-0"]
[ECO "A45"]
[WhiteElo "1918"]
[BlackElo "1466"]
[Annotator "TA"]
[PlyCount "109"]
[EventDate "2022.10.02"]
[EventType "team-tourn"]
[EventCountry "AZE"]
[SourceTitle "playchess.com"]
[Source "ChessBase"]
[SourceQuality "1"]
[WhiteTeam "Bangladesh"]
[BlackTeam "South Africa"]
[WhiteTeamCountry "BAN"]
[BlackTeamCountry "RSA"]
[TimeControl "40/5400+30:1800+30"]

1. d4 Nf6 2. Bf4 e6 3. e3 d5 4. Nf3 Be7 5. Bd3 O-O 6. O-O {[%emt 0:00:51] D02: 1 d4 d5 2 Nf3 sidelines, including 2...Nf6 3 g3 and 2...Nf6 3 Bf4.} Nbd7 7. Nbd2 b6 8. Rc1 {[%emt 0:01:35] The position is equal.} Bb7 9. Re1 {[%emt 0:03:31] [#]} Ne4 $146 ({Predecessor:} 9... c5 10. c3 Nh5 11. Ne5 Nxf4 12. exf4 Nf6 13. Re3 Qd6 14. Rh3 g6 15. Qf3 cxd4 16. cxd4 {0-1 (33) Ibragimov,M (2175)-Iskhakov,A (1815) Sterlitamak 2010}) 10. c4 Rc8 11. Qc2 f5 $2 (11... Ndf6 $1 $11 {and Black has nothing to worry.}) 12. cxd5 $18 exd5 13. Bxc7 Qe8 {[%emt 0:02:52] And now ...Bd6 would win.} 14. Qb3 {[%emt 0:06:24] Hoping for Nxe4.} Ndf6 15. Nxe4 ({Better is} 15. Bb5 $18 Qf7 16. Nxe4 fxe4 17. Ng5) 15... fxe4 $16 16. Bb5 {[%emt 0:00:12] White is more active.} Qh5 {[%emt 0:00:53] [#]} 17. Ne5 Ng4 (17... Ne8 $16 {keeps fighting.}) 18. Nxg4 $18 Qxg4 19. Bg3 {[%emt 0:04:48] aiming for Qa4.} Bh4 $2 (19... Rxc1 20. Rxc1 Rc8) 20. Rxc8 Rxc8 21. Qa4 a5 (21... Bxg3 $142 22. hxg3 Qg6 23. Qxa7 Ba8) 22. Bd7 Qe2 23. Qd1 (23. Rxe2 $2 {gets mated.} Rc1+) 23... Qxd1 24. Rxd1 Bxg3 25. Bxc8 ({Worse is} 25. fxg3 Rc2 $14) ({Less strong is} 25. hxg3 Rc7 $14) 25... Bxf2+ (25... Bxc8 $142 26. hxg3 Kf8) 26. Kxf2 Bxc8 {[%emt 0:00:04][%mdl 4096] Endgame KR-KB} 27. Rc1 Bd7 28. Rc7 Be8 29. Rc8 Kf7 30. Ra8 a4 31. Rd8 Ke7 32. Rxd5 Bc6 33. Re5+ Kd6 34. a3 h6 35. h4 g6 36. Kg3 {[%emt 0:00:12] Strongly threatening h5.} b5 37. Kf4 {[%emt 0:00:09] Black must now prevent h5.} Kd7 38. d5 Bb7 39. Kxe4 {[%emt 0:00:09] White threatens Re6 and mate.} h5 40. Re6 {[%emt 0:02:32] White mates.} Bc8 41. Rxg6 Ke7 42. Ke5 Kf7 43. Rf6+ Ke7 44. d6+ Ke8 45. Re6+ Kd8 46. Re7 Bg4 47. Kd5 Bd7 {[%emt 0:00:41] [#]} 48. Rxd7+ $1 Kxd7 {[%emt 0:00:08] KP-KP} 49. e4 Kd8 50. e5 Kd7 51. e6+ Kd8 52. Kc6 b4 53. d7 bxa3 54. Kd6 axb2 55. e7# {[%emt 0:00:03] Weighted Error Value: White=0.08 (flawless) /Black=0.61} 1-0

[Event "FIDE WY-U16 Olympiad 2022"]
[Site "Nakhchivan"]
[Date "2022.10.02"]
[Round "1.32"]
[White "Price, Rowan Daelen"]
[Black "Omnia Binta Yusuf, Lubaba"]
[Result "1-0"]
[ECO "B12"]
[WhiteElo "1329"]
[BlackElo "1642"]
[Annotator "NA RC COMBH"]
[PlyCount "67"]
[EventDate "2022.10.02"]
[EventType "team-tourn"]
[EventCountry "AZE"]
[SourceTitle "playchess.com"]
[Source "ChessBase"]
[SourceQuality "1"]
[WhiteTeam "South Africa"]
[BlackTeam "Bangladesh"]
[WhiteTeamCountry "RSA"]
[BlackTeamCountry "BAN"]
[TimeControl "40/5400+30:1800+30"]

1. e4 c6 2. d4 d5 3. e5 Bf5 4. Nc3 e6 5. g4 Bg6 6. Nge2 h6 7. h4 c5 8. Be3 Nc6 9. Nf4 Bh7 10. Qd2 cxd4 11. Bxd4 Nxd4 12. Qxd4 Ne7 13. Qa4+ Nc6 14. Bb5 Qc7 15. O-O-O Be7 16. Nfxd5 exd5 17. Nxd5 Qc8 18. Nxe7 Kxe7 19. Qa3+ Ke8 20. Rd6 a6 21. Bxc6+ bxc6 22. e6 fxe6 23. Re1 Bg8 24. Qc3 Qc7 25. Rxc6 Qf4+ 26. Kb1 Qxg4 27. Rc7 Qa4 28. Qc5 Qd7 29. Rxd7 Kxd7 30. Rd1+ Ke8 31. Qc6+ Ke7 32. Rd7+ Kf6 33. Qxa8 e5 34. Qf8+ 1-0

[Event "FIDE WY-U16 Olympiad 2022"]
[Site "Nakhchivan"]
[Date "2022.10.02"]
[Round "1.33"]
[White "Abdel Raouf, Zyad"]
[Black "Springis, Jevgenijs"]
[Result "0-1"]
[ECO "B90"]
[WhiteElo "1609"]
[BlackElo "2057"]
[Annotator "TA"]
[PlyCount "82"]
[EventDate "2022.10.02"]
[EventType "team-tourn"]
[EventCountry "AZE"]
[SourceTitle "playchess.com"]
[Source "ChessBase"]
[SourceQuality "1"]
[WhiteTeam "Egypt"]
[BlackTeam "Latvia"]
[WhiteTeamCountry "EGY"]
[BlackTeamCountry "LAT"]
[TimeControl "40/5400+30:1800+30"]

1. e4 c5 2. Nf3 d6 3. d4 cxd4 4. Nxd4 Nf6 5. Nc3 a6 6. f3 e5 7. Nb3 Be6 8. Be3 h5 9. Qd2 Nbd7 10. O-O-O b5 {[%emt 0:01:04][%cal Bb7b5,Bb5b4][%mdl 32] B90: Sicilian Najdorf: Unusual White 6th moves, 6 Be3 Ng4 and 6 Be3 e5.} 11. h4 Qc7 {[%emt 0:05:43] [#]} 12. Qf2 $146 ({White should play} 12. Kb1 $11) ({Predecessor:} 12. Kb1 Nb6 13. Qf2 Nc4 14. Bxc4 bxc4 15. Bb6 Qb8 16. Nd2 Nd7 17. Be3 Qb4 18. a3 {1-0 (51) Salido Polo,V (1835)-Navarro Lopez Menchero,D (2079) Padron 2008}) 12... b4 {[%emt 0:05:05] Black is slightly better.} 13. Nd5 Bxd5 14. exd5 Be7 15. Rg1 Bd8 (15... a5 $1 $15 16. Bb5 a4) 16. Be2 (16. g4 $11) 16... Qb7 (16... Nb6 $15) 17. Bc4 ({Better is} 17. Nd2 $11) 17... a5 18. Qe2 (18. Nd2 $15) 18... a4 19. Nd2 Ra5 {[%emt 0:03:10] Against Bb5} 20. Ne4 Nxe4 21. fxe4 Nf6 {[%emt 0:01:28] Against g4} (21... Bb6 $5 ) 22. Bg5 Bb6 (22... Ng4 $15) 23. Bxf6 $14 Bxg1 24. Bxg7 Rh7 25. Rxg1 ({White should try} 25. Bxe5 $1 $16 dxe5 26. Rxg1) 25... Qb6 26. Rf1 Rxg7 27. Qxh5 {[%emt 0:00:15] [#] Threatens to win with Qh8+.} Qe3+ (27... Kf8 $1 $11) 28. Kd1 ({White has to play} 28. Kb1 $16 {And now Qh8+ would win.} Qg3 29. Qh6) 28... Ke7 $11 (28... Rxg2 {gets mated.} 29. Qxf7+ Kd8 30. Qf8+ Kc7 31. Rf7+ Kb6 32. Qxd6#) (28... Qd4+ $2 29. Bd3 Kf8 30. Qh8+ Rg8 31. Qh6+ (31. Qf6 Ra7 $16) 31... Rg7 32. Qxd6+ Kg8 33. Qd8+ Kh7 34. g4 $18 (34. Qxa5 a3 $11)) 29. Qh8 Qg3 30. Qb8 Qg4+ $2 {[%emt 0:00:30][%mdl 8192] [#]} (30... Rc5 $1 $11) 31. Kc1 $2 (31. Be2 $1 $18 Qd7 32. Qh8 (32. Qxb4 Rc5 $16) 32... Rxg2 33. Qh7) 31... Rc5 32. Bb5 (32. Bd3 $11) 32... Qc8 $19 {[%emt 0:00:19] Chess con chili.} 33. Qxc8 Rxc8 {[%emt 0:00:02][%mdl 4096] Endgame KRR-KRB} 34. Rg1 Rh8 35. Be2 Rxh4 36. Bf3 Rg3 37. Kd2 Rh8 38. c3 Rb8 39. cxb4 $2 (39. b3 {was necessary.}) 39... Rxb4 40. Kc3 (40. Kc2) 40... Rxe4 {[%emt 0:00:18] Hoping for ...Re3+.} 41. b3 Re3+ {[%emt 0:30:07] Weighted Error Value: White=0.89/Black=0.40} 0-1

[Event "FIDE WY-U16 Olympiad 2022"]
[Site "Nakhchivan"]
[Date "2022.10.02"]
[Round "1.34"]
[White "Adamovics, Aleksejs"]
[Black "Fahmi, Adham"]
[Result "1-0"]
[ECO "D10"]
[WhiteElo "2037"]
[BlackElo "1288"]
[Annotator "TA"]
[PlyCount "65"]
[EventDate "2022.10.02"]
[EventType "team-tourn"]
[EventCountry "AZE"]
[SourceTitle "playchess.com"]
[Source "ChessBase"]
[SourceQuality "1"]
[WhiteTeam "Latvia"]
[BlackTeam "Egypt"]
[WhiteTeamCountry "LAT"]
[BlackTeamCountry "EGY"]
[TimeControl "40/5400+30:1800+30"]

1. d4 d5 2. c4 c6 3. Nc3 Nf6 4. cxd5 Nxd5 5. e4 Nf6 6. Be2 {[%emt 0:03:09] D06: Queen's Gambit: Symmetrical and Baltic Defences.} Nbd7 7. Nf3 e6 8. O-O {[%emt 0:00:27] [#] White is better.} Bb4 $146 ({Predecessor:} 8... Be7 9. Bg5 h6 10. Bh4 g5 11. Bg3 Nh5 12. Be5 Nxe5 13. Nxe5 Nf6 14. Bh5 Nxh5 15. Qxh5 {1-0 (37) Gayan Carceller,M (1878)-Arteaga,F (1630) Spain 2009}) 9. Qd3 Qe7 (9... Be7 $16 {keeps fighting.}) 10. h3 ({White should try} 10. e5 $18) 10... e5 $16 11. dxe5 Nxe5 12. Nxe5 Qxe5 13. f4 Qe7 14. Bf3 Bxc3 ({Better is} 14... O-O $14) 15. Qxc3 {[%emt 0:02:12] Strongly threatening Be3.} O-O 16. Re1 Re8 17. Be3 $36 {[%emt 0:08:35][%mdl 2048] Black is under strong pressure.} Bd7 (17... Nxe4 $2 18. Bxe4 (18. Bc5 Nxc3 19. Rxe7 Rxe7 $15) 18... Be6 19. Bd4 $18) (17... Qc7 $16) 18. Bc5 $18 Qd8 19. Rad1 Rc8 20. Rd2 (20. f5 $142) 20... Nd5 21. Qc1 {[%emt 0:03:11] White is more active.} Qh4 $2 {[%emt 0:04:08] [#] Black cannot hold the game after this.} (21... Nxf4 $16 22. Red1 Nxh3+ 23. gxh3 (23. Kh1 Qh4 $17) 23... Qg5+ 24. Kh1 Qf6) 22. Bf2 {[%emt 0:02:46] This bishop pair is nice.} Qxf4 23. exd5 Rxe1+ 24. Qxe1 Re8 25. Re2 Rxe2 26. Qxe2 {[%emt 0:00:10] [#] Black must now prevent Qe7.} ({Weaker is} 26. Bxe2 Qe5 27. Qd2 cxd5 $18) 26... cxd5 27. Qe7 {[%emt 0:00:40] Threatening mate with Qd8+.} Qc1+ 28. Kh2 {[%emt 0:00:13] White wants to mate with Qd8+.} Qc7+ 29. Bg3 Qc8 30. Bxd5 h6 31. Qxf7+ {[%emt 0:00:22] White mates.} Kh8 32. Be5 Qe8 33. Qxg7# {[%emt 0:00:18] Weighted Error Value: White=0.13 (very precise) /Black=0.53} 1-0

[Event "FIDE WY-U16 Olympiad 2022"]
[Site "Nakhchivan"]
[Date "2022.10.02"]
[Round "1.35"]
[White "Mohamed Mostafa, Omar"]
[Black "Francs, Marats"]
[Result "0-1"]
[ECO "A05"]
[WhiteElo "1503"]
[BlackElo "1956"]
[Annotator "TA"]
[PlyCount "156"]
[EventDate "2022.10.02"]
[EventType "team-tourn"]
[EventCountry "AZE"]
[SourceTitle "playchess.com"]
[Source "ChessBase"]
[SourceQuality "1"]
[WhiteTeam "Egypt"]
[BlackTeam "Latvia"]
[WhiteTeamCountry "EGY"]
[BlackTeamCountry "LAT"]
[TimeControl "40/5400+30:1800+30"]

1. Nf3 Nf6 2. g3 c6 3. Bg2 d5 4. O-O Bf5 5. d3 e6 6. Nbd2 Be7 7. Re1 O-O {[%emt 0:02:03] A07: Réti Opening: New York and Capablanca Systems.} 8. Nh4 Bg6 9. Nxg6 hxg6 {[%emt 0:00:19] White is slightly better.} 10. e4 {[%emt 0:00:19] [#]} Qc7 $146 ({Predecessor:} 10... dxe4 11. Nxe4 Nbd7 12. Qe2 Nxe4 13. dxe4 Qb6 14. Be3 Bc5 15. Rad1 Rfd8 16. Bxc5 Nxc5 {1-0 (51) Noronha,N (1849)-Munari,C (1800) Porto Alegre 2015}) 11. e5 Nfd7 12. d4 c5 13. c3 Nc6 14. Nf3 Rac8 15. Bf4 Qb6 16. Qd2 (16. c4 $14 {keeps the upper hand.}) 16... cxd4 $17 17. Nxd4 Nxd4 18. Be3 {[%emt 0:03:30][%mdl 64] [#] Pin} Bc5 $1 {[%emt 0:02:41] White must now prevent ...Nc6.} 19. Bxd4 Nb8 (19... Bxd4 $17 20. cxd4 Rc4) 20. Bxc5 $11 Qxc5 21. Qe3 b6 22. h4 Qxe3 23. Rxe3 Nc6 24. Bf1 Rfd8 25. Ba6 Rc7 26. Rd1 Nb8 27. Bf1 Kf8 28. Kg2 Ke7 29. Kf3 Nd7 30. Rd4 f6 31. exf6+ gxf6 32. Rxd5 Ne5+ 33. Rdxe5 fxe5 34. Rxe5 $15 {[%emt 0:00:12][%mdl 4096] Endgame KRR-KRB} ({White should play} 34. Bd3 $15) 34... Rd2 $17 {[%emt 0:00:10] Black converts the advantage convincingly.} 35. Re2 Rcd7 36. b4 R7d3+ 37. Kg2 (37. Re3 $17 {is the only way for White.} Rxe3+ 38. Kxe3 Rxa2 39. b5) 37... Rxe2 $19 38. Bxe2 Rxc3 {[%emt 0:00:15] KR-KB} 39. g4 $2 (39. Bd1 {was called for.}) 39... Kf7 40. a4 Ra3 41. Bd1 Rd3 42. Be2 Rd4 43. b5 Rxa4 44. Kg3 e5 45. h5 $2 (45. f3) 45... gxh5 46. gxh5 Kg7 47. Kh3 Kh6 48. Kg3 Kg5 49. Kg2 Ra2 50. Bc4 Rc2 51. Bf7 Rc5 52. Be8 a5 {[%emt 0:00:00] ( -> ...a4)} 53. bxa6 Ra5 54. Kf3 Rxa6 55. Ke4 Kf6 56. f4 exf4 57. Kxf4 Ra1 58. Bb5 Rc1 (58... Ra5 $142 59. Be2 Re5 60. Ba6 Rxh5 61. Ke4 b5 62. Kd4 Ke7 63. Kc3 Kd6 64. Kb4 Kc6 65. Kb3 Kc7 66. Kb4 Kb6 67. Bc8 Re5 68. Bh3 Re4+ 69. Kc3 b4+ 70. Kc2 Kc5 71. Bf5 Re3 72. Kb2 Kc4 73. Kc2 b3+ 74. Kd2 Kd4 75. Bb1 Re6 76. Kd1 Kc3 77. Bf5 Rf6 78. Bh7 Rh6 79. Bf5 Rh2 80. Bg6 b2 81. Be4 Rd2+ 82. Ke1 {[#]} Rd3 $1 83. Kf2 b1=Q 84. Bxd3 Kxd3 85. Kf3 Qb4 86. Kg2 Qg4+ 87. Kh1 Ke3 88. Kh2 Kf2 89. Kh1 Qh5#) 59. Ke4 Kg5 60. Be2 Re1 (60... Rc2 $142 61. Kd3 Rc8) 61. Kd3 (61. Ke3 $19) 61... Kf4 62. Kd2 Rh1 63. Kc3 Ke5 $2 (63... Ke3 {mates} 64. Bg4 Rh2 65. Bd1 Rh4 66. Bb3 Rxh5 67. Bf7 Rf5 68. Bg8 Rc5+ 69. Kb4 Kd4 70. Be6 Rc1 71. Bf5 Rf1 72. Bh7 Rf2 73. Kb3 Kc5 74. Bg8 Rf3+ 75. Kc2 b5 76. Be6 Kb4 77. Bg4 Re3 78. Bh5 Ka3 79. Kd2 Rg3 80. Be8 b4 81. Bd7 b3 82. Bf5 Ka2 83. Be6 Ka1 84. Ke2 b2 85. Kf2 Rg5 86. Bh3 b1=Q 87. Bg2 Qa2+ 88. Kf3 Qxg2+ 89. Kf4 Kb2 90. Ke3 Kc3 91. Kf4 Qg3+ 92. Ke4 Re5#) 64. Kd3 $2 (64. Kc4 $19) 64... Rh4 {[%emt 0:00:00] Black mates.} 65. Kc3 Kd5 66. Bf3+ Kc5 67. Kd3 b5 68. Ke3 b4 69. Kf2 b3 70. Kg3 b2 71. Kxh4 b1=Q 72. Kg5 Qb2 73. h6 Qh8 74. Kg6 Kd6 75. h7 Ke7 76. Bd5 Qf6+ 77. Kh5 Kd6 78. Bg8 Qg7 {[%emt 0:00:00] Weighted Error Value: White=0.54/Black=0.36} 0-1

[Event "FIDE WY-U16 Olympiad 2022"]
[Site "Nakhchivan"]
[Date "2022.10.03"]
[Round "2.4"]
[White "Karimi, Setayesh"]
[Black "Kayis, Gulcan Sena"]
[Result "1/2-1/2"]
[ECO "D43"]
[WhiteElo "1844"]
[BlackElo "1702"]
[Annotator "NA RC COMBH"]
[PlyCount "55"]
[EventDate "2022.10.02"]
[EventType "team-tourn"]
[EventCountry "AZE"]
[SourceTitle "playchess.com"]
[Source "ChessBase"]
[SourceQuality "1"]
[WhiteTeam "Iran"]
[BlackTeam "Turkey"]
[WhiteTeamCountry "IRI"]
[BlackTeamCountry "TUR"]
[TimeControl "40/5400+30:1800+30"]

1. d4 d5 2. c4 c6 3. Nf3 Nf6 4. Nc3 e6 5. cxd5 exd5 6. Bg5 Be7 7. Qc2 Nbd7 8. e3 O-O 9. Bd3 Re8 10. O-O Nf8 11. h3 Ng6 12. Nd2 Nh5 13. Bxe7 Qxe7 14. Rab1 Qg5 15. Nf3 Qf6 16. Qd1 Qd6 17. b4 Nf6 18. b5 Bd7 19. bxc6 Bxc6 20. Qb3 Ne4 21. Bxe4 dxe4 22. Nd2 Nh4 23. Kh1 Nxg2 24. Kxg2 Qg6+ 25. Kh2 Qd6+ 26. Kg2 Qg6+ 27. Kh2 Qd6+ 28. Kg2 1/2-1/2

[Event "FIDE WY-U16 Olympiad 2022"]
[Site "Nakhchivan"]
[Date "2022.10.03"]
[Round "2.4"]
[White "Alagoz, Zumra Meryem"]
[Black "Maklakova, Naomi"]
[Result "1-0"]
[ECO "C50"]
[WhiteElo "1830"]
[BlackElo "1635"]
[Annotator "NA RC COMBH"]
[PlyCount "61"]
[EventDate "2022.10.02"]
[EventType "team-tourn"]
[EventCountry "AZE"]
[SourceTitle "playchess.com"]
[Source "ChessBase"]
[SourceQuality "1"]
[WhiteTeam "Turkey"]
[BlackTeam "Latvia"]
[WhiteTeamCountry "TUR"]
[BlackTeamCountry "LAT"]
[TimeControl "40/5400+30:1800+30"]

1. e4 e5 2. Nf3 Nc6 3. Bc4 Nf6 4. d3 Bc5 5. c3 d6 6. h3 a6 7. Bb3 h6 8. Nbd2 O-O 9. O-O Be6 10. Re1 Ba7 11. Nf1 Bxb3 12. axb3 Re8 13. N3h2 d5 14. Qf3 Qd6 15. g4 Rad8 16. g5 hxg5 17. Bxg5 dxe4 18. dxe4 Nh7 19. Bxd8 Qxd8 20. Rad1 Qe7 21. Ne3 Qc5 22. h4 Ne7 23. Nhg4 Ng6 24. Nf5 Nf4 25. Kh1 Kh8 26. Rd7 Kg8 27. Rg1 Ng6 28. Ngh6+ Kh8 29. Nxf7+ Kg8 30. N5h6+ Kf8 31. Nxe5+ 1-0